 Dungeon Crawl Stone Soup version 0.28-a0-1167-g616b1c6417 (webtiles) character file.

Game seed: 8423784146155326530

107 LadyOphelia the Chopper (level 4, -13/40 HPs)
             Began as a Draconian Berserker on Dec 16, 2021.
             Was a Believer of Trog.
             Mangled by Ijyb (14 damage)
             ... on level 3 of the Dungeon.
             The game lasted 00:05:28 (3067 turns).

LadyOphelia the Chopper (Draconian Berserker)       Turns: 3067, Time: 00:05:32

Health: -13/40     AC:  5    Str: 21    XL:     4   Next: 57%
Magic:  4/4        EV: 12    Int:  8    God:    Trog [**....]
Gold:   195        SH:  0    Dex: 10    Spells: 3/3 levels left

rFire   . . .      SeeInvis .   a - +0 hand axe
rCold   . . .      Faith    .   (no shield)
rNeg    . . .      Spirit   .   (armour unavailable)
rPois   .          Reflect  .   (helmet restricted)
rElec   .          Harm     .   (no cloak)
rCorr   .          Rampage  .   (no gloves)
Will    .....                   (no boots)
Stlth   +.........              (no amulet)
HPRegen 0.13/turn               (no ring)
MPRegen 0.09/turn               (no ring)

@: no status effects
A: AC +5, unfitting armour, cold-blooded
a: Renounce Religion, Berserk, Trog's Hand


You were on level 3 of the Dungeon.
You worshipped Trog.
Trog was pleased with you.
You visited 1 branch of the dungeon, and saw 3 of its levels.

You collected 195 gold pieces.

Inventory:

Hand Weapons
 a - a +0 hand axe (weapon)
Jewellery
 g - a ring of fire
Scrolls
 b - a scroll of magic mapping
 e - a scroll of vulnerability
 h - a scroll of amnesia
 i - a scroll of enchant armour {unknown}
Potions
 c - a potion of curing {unknown}
 d - a potion of degeneration
 f - a potion of invisibility {unknown}


   Skills:
 + Level 3.9 Fighting
 + Level 4.2 Axes
 + Level 3.5 Dodging
 + Level 0.7 Stealth


You had 3 spell levels left.
You didn't know any spells.
Your spell library was empty.

Dungeon Overview and Level Annotations

Branches:
Dungeon (3/15)

Altars:

Annotations:
D:3 1 transporter, Ijyb; xoxolimbo's ghost, amateur DsFE


Innate Abilities, Weirdness & Mutations

Your plain brown scales are hard. (AC +5)
You cannot fit into any form of body armour.
You are cold-blooded and may be slowed by cold attacks.


Message History

Trog accepts your kill.
Found a stone staircase leading down.
Ijyb the Twisted Goblin comes into view.
She is wielding a +10 club and carrying a wand of mindburst (9).
Ijyb is nearby!
Ijyb zaps a wand.
Your mind is blasted!
You hit Ijyb.
Ijyb is lightly wounded.
Ijyb hits you with a +10 club.
You barely miss Ijyb.
Your tail-slap misses Ijyb.
Ijyb is lightly wounded.
Ijyb hits you but does no damage.
You barely miss Ijyb.
Ijyb is lightly wounded.
Ijyb hits you with a +10 club!
You hit Ijyb.
Ijyb is lightly wounded.
Ijyb completely misses you.
You hit Ijyb.
Ijyb is moderately wounded.
Ijyb misses you.
You hit Ijyb but do no damage.
Ijyb is moderately wounded.
Ijyb zaps a wand.
Your mind is blasted!
You closely miss Ijyb.
Ijyb is moderately wounded.
Ijyb closely misses you.
You hit Ijyb but do no damage. You tail-slap Ijyb.
Ijyb is moderately wounded.
Ijyb hits you with a +10 club!
* * * LOW HITPOINT WARNING * * *
You hit Ijyb.
Ijyb is heavily wounded.
Ijyb barely misses you.
You hit Ijyb but do no damage.
Ijyb is heavily wounded.
Ijyb screams, "I cut your head off!" Ijyb hits you with a +10 club.
* * * LOW HITPOINT WARNING * * *
Ijyb hits you with a +10 club!
You die...

.########.## #.#........##.#.##
.# #.# #.#..####..##.#.#
.########.#####..........##.#.#
....................###.......###
.###########.##.....# #..##.####.
.#***#######.##.....# #..##.# #.
.#*,,...............# #..##.# #.
.#***###.##.###.....# #.###.####.
.# *,*#.* #.@.#.# #.......... .#
****,*#.* #.g.#,# #.......... .#
*,,,,,..* #...#,* #..##..###.
.#******,*#.**#.#.#,* #..........
,,,,,,,,,*#.,,....#,* #..........
********,*##*##.###.####.##..###.
*,* #.,.......†....# #. ***
#.*##.####.##.## #. *,,,,,*
#.##.# #.


You could see Ijyb.

Vanquished Creatures
  Natasha (D:2)
  An adder (D:2)
  3 worms (D:2)
  A dart slug (D:2)
  4 orcs (D:3)
  10 endoplasms
  2 giant cockroaches
  A goblin (D:1)
  2 hobgoblins (D:1)
  6 quokkas
  9 ball pythons
  5 bats
  4 frilled lizards
  3 kobolds
  7 rats
59 creatures vanquished.

Vanquished Creatures (others)
  2 plants
2 creatures vanquished.

Grand Total: 61 creatures vanquished

Notes
Turn   | Place    | Note
-------+----------+-------------------------------------------
     0 | D:1      | LadyOphelia the Draconian Berserker began the quest for the
                  | Orb.
     0 | D:1      | Reached XP level 1. HP: 19/19 MP: 1/1
   435 | D:1      | Reached XP level 2. HP: 23/26 MP: 2/2
   477 | D:1      | Found a faded altar of an unknown god.
  1215 | D:2      | Reached XP level 3. HP: 31/31 MP: 3/3
  1258 | D:2      | Reached ** piety under Trog
  1809 | D:2      | Noticed Natasha
  1820 | D:2      | Killed Natasha
  1821 | D:2      | Reached skill level 4 in Axes
  1821 | D:2      | Reached XP level 4. HP: 26/40 MP: 4/4
  3015 | D:3      | Noticed xoxolimbo's ghost (amateur DsFE)
  3015 | D:3      | Noticed an ogre
  3016 | D:3      | Found a transporter.
  3016 | D:3      | Noticed an ogre
  3053 | D:3      | Noticed Ijyb
  3067 | D:3      | HP: 1/40 [Ijyb (2)]
  3067 | D:3      | Mangled by Ijyb

Illustrated notes

Levels and vault maps discovered:
D:1:      eino_arrival_tree_alley, layout_rooms,
          shapermc_ecumenical_altar_mp_urbaneastern
D:2:      layout_basic, serial_forest, infiniplex_forest_clump_small,
          infiniplex_forest_clump_medium, infiniplex_forest_straight_3,
          infiniplex_forest_lined_1, infiniplex_forest_lined_2,
          minmay_pentomino_pile, uniq_natasha
D:3:      layout_basic, nicolae_overflow_hidden_temple, gammafunk_ghost_smash,
          uniq_ijyb

Skill      XL: |  1  2  3 |
---------------+----------+-----
Dodging        | 3 |  3.5
Axes           | 4 |  4.2
Fighting       | |  3.9
Stealth        | |  0.7

Action                   |  1- 3 |  4- 6 || total
-------------------------+-------+-------++-------
Melee: Hand axe          |   118 |    60 ||   178
       Tailslap          |    12 |     9 ||    21
  Use: Scroll            |       |     4 ||     4
 Stab: Sleeping          |     1 |       ||     1
Armor: Skin              |    40 |    16 ||    56
Dodge: Dodged            |    74 |    39 ||   113

Table legend: (Time is in decaauts)
 A = Elapsed time spent in this place.
 B = Non-inter-level travel time spent in this place.
 C = Inter-level travel time spent in this place.
 D = Time resting spent in this place.
 E = Time spent auto-exploring this place.
 F = Levels seen in this place.
 G = Mean time per level.
                   A        B        C        D        E       F      G
               +--------+--------+--------+--------+--------+-----+--------+
         Total |   3093 |   3031 |     62 |    404 |   2088 |   3 | 1031.0 |
       Dungeon |   3093 |   3031 |     62 |    404 |   2088 |   3 | 1031.0 |
               +--------+--------+--------+--------+--------+-----+--------+

Top non-repeatable levels by time:
     D:2: 1558 daAuts
     D:1: 1127 daAuts
     D:3: 408 daAuts
